 Dungeon Crawl Stone Soup version 0.27.1-34-g3ba077fa99 (webtiles) character file.

Game seed: 11353411173115739801

85 cbfl8 the Sneak (level 4, -3/40 HPs)
             Began as a Minotaur Delver on Jan 20, 2022.
             Slain by Grinder (5 damage)
             ... on level 3 of the Dungeon.
             The game lasted 00:05:10 (2675 turns).

cbfl8 the Sneak (Minotaur Delver)                   Turns: 2675, Time: 00:05:11

Health: -3/40      AC:  1    Str: 22    XL:     4   Next: 25%
Magic:  3/3        EV: 12    Int: 14    God:
Gold:   129        SH:  0    Dex: 12    Spells: 1/3 levels left

rFire    . . .     SeeInvis .   k - +0 dagger (pain)
rCold    . . .     Faith    .   (no shield)
rNeg     . . .     Spirit   .   (no armour)
rPois    .         Reflect  .   (helmet restricted)
rElec    .         Harm     .   (no cloak)
rCorr    .         Rampage  .   (no gloves)
Will     .....                  h - +0 pair of boots
Stlth    +++.......             (no amulet)
HPRegen  0.13/turn              i - +6 ring of intelligence
MPRegen  0.08/turn              o - +6 ring of strength

@: no status effects
A: horns 2, retaliatory headbutt
a: no special abilities


You were on level 3 of the Dungeon.
You visited 1 branch of the dungeon, and saw 5 of its levels.

You collected 129 gold pieces.

Inventory:

Hand Weapons
 a - a +0 hand axe
 k - a +0 dagger of pain (weapon)
Missiles
 p - 31 bolts
 t - 2 boomerangs (quivered)
Armour
 b - a +0 leather armour
 h - a +0 pair of boots (worn)
 l - +0 ice dragon scales
Jewellery
 i - a +6 ring of intelligence (left hand)
 j - a ring of resist corrosion
 m - a ring of protection from fire
 o - a +6 ring of strength (right hand)
Wands
 g - a wand of digging (3)
Scrolls
 c - a scroll of fog
 d - a scroll of magic mapping
 e - 2 scrolls of fear
 n - a scroll of identify {unknown}
 q - a scroll of noise {unknown}
 s - a scroll of holy word {unknown}
 v - a scroll of enchant weapon {unknown}
 w - a scroll of blinking {unknown}
Potions
 f - 3 potions of haste
 r - 3 potions of magic {unknown}
 u - a potion of degeneration {unknown}


   Skills:
 + Level 4.1 Fighting
 + Level 1.1 Short Blades
 + Level 2.5 Axes
 + Level 0.6 Armour
 + Level 2.4 Dodging
 + Level 5.1 Stealth


You had one spell level left.
You knew the following spells:

 Your Spells              Type           Power      Damage    Failure   Level
a - Blink                 Tloc           N/A        N/A       41%         2

Your spell library contained the following spells:

 Spells                   Type           Power      Damage    Failure   Level
 Magic Dart               Conj           0%         1d3       28%         1
 Searing Ray              Conj           0%         3d3       41%         2
 Fulminant Prism          Conj/Hex       0%         3d6       96%         4
 Manifold Assault         Tloc           0%         N/A       100%        5
 Storm Form               Tmut/Air       0%         N/A       100%        7


Dungeon Overview and Level Annotations

Branches:
Dungeon (5/15)
 Temple: D:4-7

Altars:

Annotations:
D:3 Grinder


Innate Abilities, Weirdness & Mutations

You have a pair of horns on your head.
You reflexively headbutt those who attack you in melee.


Message History

You kill the giant cockroach!
You pick up a book of Conjurations and begin reading...
You add the spells Magic Dart, Searing Ray and Fulminant Prism to your library.
There is a stone staircase leading down here.
You open the door.
Grinder comes into view.
There is an open door here.
Grinder shouts!
Grinder barely misses you.
You barely miss Grinder. You headbutt Grinder.
Grinder is lightly wounded.
Grinder hits you.
You writhe in agony.
You hit Grinder but do no damage. You headbutt Grinder!
Grinder is heavily wounded.
Grinder misses you. You furiously retaliate!
You headbutt Grinder, but do no damage. You hit Grinder but do no damage.
You headbutt Grinder.
Grinder is heavily wounded.
Grinder hits you!
You writhe in agony.
You hit Grinder but do no damage.
Grinder is heavily wounded.
Grinder gestures at you. Pain shoots through your body!
* * * LOW HITPOINT WARNING * * *
You hit Grinder.
Grinder is heavily wounded.
Grinder drinks a potion.
Grinder is healed!
You hit Grinder but do no damage. You hit Grinder but do no damage.
Your headbutt misses Grinder. Grinder hits you.
* * * LOW HITPOINT WARNING * * *
You writhe in agony.
* * * LOW HITPOINT WARNING * * *
You closely miss Grinder. Grinder hits you but does no damage.
You hit Grinder.
Grinder is lightly wounded.
Grinder hits you.
* * * LOW HITPOINT WARNING * * *
You writhe in agony.
You die...

#.###.# #..... #... ##+#
###.##### ##...#
#.......# #.....#
#.#.###.#
.......###.#..##.#
........##.#...#.#######
.......@'.>.............
.......5##.#...#.#######
.......###.##..#.#
#.....# #.###.#.# ##...#
#.......# ##+# #####.###
#. #.# #.#### #.#
##....#######.#


You could see Grinder.

Vanquished Creatures
  3 adders (D:2)
  An adder skeleton (D:4)
  A worm (D:2)
  7 ball pythons
  An endoplasm (D:1)
  10 giant cockroaches (D:3)
  5 goblins
  2 hobgoblins
  2 jackals (D:1)
  3 kobolds
  2 bats (D:3)
  14 frilled lizards (D:2)
  A rat (D:1)
52 creatures vanquished.

Vanquished Creatures (others)
  5 plants (D:2)
5 creatures vanquished.

Grand Total: 57 creatures vanquished

Notes
Turn   | Place    | Note
-------+----------+-------------------------------------------
     0 | D:5      | cbfl8 the Minotaur Delver began the quest for the Orb.
     0 | D:5      | Reached XP level 1. HP: 19/19 MP: 0/0
   214 | D:3      | Reached XP level 2. HP: 18/27 MP: 1/1
   621 | D:2      | Reached XP level 3. HP: 5/33 MP: 2/2
  1008 | D:1      | Learned a level 2 spell: Blink
  1174 | D:1      | Found a faded altar of an unknown god.
  1509 | D:1      | Reached skill level 5 in Stealth
  1983 | D:2      | Reached XP level 4. HP: 25/40 MP: 3/3
  1992 | D:2      | Reached skill level 1 in Short Blades
  2664 | D:3      | Noticed Grinder
  2675 | D:3      | HP: 2/40 [Grinder (5)]
  2675 | D:3      | Slain by Grinder

Illustrated notes

Levels and vault maps discovered:
D:1:      lemuel_arrival_muddy, layout_rooms,
          hellmonk_ecumenical_altar_pennies_from_heaven, minivault_23,
          minmay_shallow_snake_nest
D:2:      layout_basic, minmay_lizard_king
D:3:      minmay_roachtagon, layout_loops_corners,
          ebering_dispersal_statue_hall, uniq_grinder
D:4:      layout_rooms, old_standard_altar, minmay_temple_entry_hall,
          minmay_cut_off
D:5:      layout_basic, mainiacjoe_overflow_cross_hatched, serial_corexii_hall,
          corexii_hall_statues_i, corexii_hall_statues_deadend,
          corexii_hall_statues_x, corexii_hall_statues_deadend,
          corexii_hall_statues_x, chequers_hall_statues_corner_a

Skill      XL: |  1  2  3  4 |
---------------+-------------+-----
Stealth        | 5 |  5.1
Fighting       | 4 |  4.1
Short Blades   | 1 |  1.1
Axes           | |  2.5
Armour         | |  0.6
Dodging        | |  2.4

Action                   |  1- 3 |  4- 6 || total
-------------------------+-------+-------++-------
Melee: Dagger            |    86 |    31 ||   117
       Hand axe          |     4 |       ||     4
       Headbutt          |    16 |     9 ||    25
 Stab: Sleeping          |     1 |     2 ||     3
Armor: Leather armour    |    24 |       ||    24
       Skin              |     5 |     4 ||     9
Dodge: Dodged            |    77 |    17 ||    94
